 Dungeon Crawl Stone Soup version 0.28.0-43-g3370ac3207 (webtiles) character file.

Game seed: 4980325974144635750

21 RascalDebosk the Ruffian (level 2, 0/23 HPs)
             Began as a Draconian Transmuter on Mar 25, 2022.
             Slain by an orc
             ... wielding a +0 flail
              (9 damage)
             ... on level 2 of the Dungeon.
             The game lasted 00:07:40 (1204 turns).

RascalDebosk the Ruffian (Draconian Transmuter)     Turns: 1204, Time: 00:07:40

Health: 0/23       AC:  4    Str: 12    XL:     2   Next: 65%
Magic:  4/5        EV: 12    Int: 13    God:
Gold:   37         SH:  0    Dex: 17    Spells: 4/5 levels left

rFire   . . .      SeeInvis .     - Unarmed
rCold   . . .      Faith    .   (no shield)
rNeg    . . .      Spirit   .   (armour unavailable)
rPois   .          Reflect  .   (helmet currently unavailable)
rElec   .          Harm     .   (no cloak)
rCorr   .          Rampage  .   (no gloves)
Will    .....                   (boots currently unavailable)
Stlth   ++........              (no amulet)
HPRegen 0.07/turn               d - +6 ring of dexterity
MPRegen 0.09/turn               (no ring)

@: appendages (expiring)
A: horns 2, talons 2, AC +4, unfitting armour, cold-blooded
a: End Transformation


You were on level 2 of the Dungeon.
You had temporarily grown beastly horns and talons.
You visited 1 branch of the dungeon, and saw 2 of its levels.

You collected 37 gold pieces.

Inventory:

Missiles
 a - 52 stones
 g - 2 curare-tipped darts
Jewellery
 d - a +6 ring of dexterity (left hand)
Scrolls
 b - a scroll of vulnerability {unknown}
 c - a scroll of holy word {unknown}
 e - a scroll of enchant armour {unknown}
 i - a scroll of fear {unknown}
Potions
 f - a potion of attraction {unknown}
 h - a potion of flight {unknown}


   Skills:
 + Level 1.5 Fighting
 + Level 2.0 Dodging
 + Level 3.1 Unarmed Combat
 + Level 2.1 Spellcasting
 + Level 2.2 Transmutations
 + Level 0.5 Ice Magic
 + Level 0.5 Poison Magic


You had 4 spell levels left.
You knew the following spells:

 Your Spells              Type           Power      Damage    Failure   Level
a - Beastly Appendage     Tmut           14%        N/A       10%         1

Your spell library contained the following spells:

 Spells                   Type           Power      Damage    Failure   Level
 Wereblood                Tmut           7%         N/A       16%         2
 Spider Form              Tmut/Pois      4%         N/A       41%         3
 Ice Form                 Ice/Tmut       5%         N/A       80%         4


Dungeon Overview and Level Annotations

Branches:
Dungeon (2/15)

Altars:


Innate Abilities, Weirdness & Mutations

You have temporarily grown beastly horns and talons.
Your plain brown scales are hard. (AC +4)
You cannot fit into any form of body armour.
You are cold-blooded and may be slowed by cold attacks.


Message History

Found 23 stones.
An orc comes into view. It is wielding a +0 short sword.
The orc moves out of view.
A hobgoblin comes into view.
The orc shouts!
Casting: Beastly Appendage (safe; 11% risk of failure)
Press: ? - help, Q - select action, (/) - cycle Dir - look around, f - activate You grow a pair of large bovine horns.
Your feet morph into talons.
The orc shouts!
The hobgoblin shouts!
An orc comes into view. It is wielding a +0 flail.
You closely miss the goblin.
The orc shouts!
Your kick misses the goblin. The goblin closely misses you.
You hit the goblin. You headbutt the goblin.
You kill the goblin!
Your transformation is almost over.
The orc closely misses you.
A goblin comes into view. It is wielding a +0 club.
You see here a +0 dagger.
You closely miss the orc. Your kick misses the orc.
The orc hits you with a +0 flail! The orc misses you.
You closely miss the orc. You claw the orc. You headbutt the orc.
You kill the orc!
The hobgoblin hits you. The orc misses you.
You barely miss the orc. You claw the orc.
The orc is heavily wounded.
The hobgoblin hits you. The orc barely misses you.
The orc completely misses you.
You barely miss the orc. You claw the orc, but do no damage.
The orc is heavily wounded.
The orc barely misses you. The hobgoblin barely misses you.
The orc hits you with a +0 short sword.
You barely miss the orc.
The orc is heavily wounded.
The orc closely misses you. The hobgoblin hits you. The orc closely misses you.
You hit the orc but do no damage.
The orc is heavily wounded.
The hobgoblin hits you. The orc hits you with a +0 flail!
You die...

## . #. (### #.#
##...## #.# .$....#
#.###g88...#
##.##ogg(....
#..##@o# #..#..#.#
# #....####### ..
#..###.....##.#
##.............
#............
#.#######..########
#....# #.>....†..#
####.# #<#######.#


You could see 2 orcs, 2 hobgoblins and a goblin.

Vanquished Creatures
  An orc (D:2)
  2 ball pythons
  2 bats (D:1)
  An endoplasm (D:1)
  A giant cockroach (D:2)
  2 goblins
  3 hobgoblins (D:1)
  A frilled lizard (D:1)
  2 kobolds (D:1)
  4 rats (D:1)
19 creatures vanquished.

Notes
Turn   | Place    | Note
-------+----------+-------------------------------------------
     0 | D:1      | RascalDebosk the Draconian Transmuter began the quest for
                  | the Orb.
     0 | D:1      | Reached XP level 1. HP: 16/16 MP: 3/3
   637 | D:1      | Reached XP level 2. HP: 23/23 MP: 3/5
  1204 | D:2      | Slain by an orc

Illustrated notes

Levels and vault maps discovered:
D:1:      dpeg_arrival_more_subterranean_lakeside_camping, layout_basic
D:2:      layout_basic, guppyfry_early_orc_mine, uniq_natasha, uniq_robin

Skill      XL: |  1  2 |
---------------+-------+-----
Dodging        | 2 |  2.0
Fighting       | |  1.5
Unarmed Combat | |  3.1
Spellcasting   | |  2.1
Transmutations | |  2.2
Ice Magic      | |  0.5
Poison Magic   | |  0.5

Action                   || total
-------------------------++-------
Melee: Unarmed           ||    41
       Headbutt          ||     9
       Kick              ||    10
       Tailslap          ||     1
       Punch             ||     1
 Cast: Beastly Appendage ||    14
Armor: Skin              ||    19
Dodge: Dodged            ||    50
